 Dungeon Crawl Stone Soup version 0.23.2-40-g277498a001 (webtiles) character file.

Game seed: 13771629153542255763

5935 H0rd4k the Cutter (level 11, -4/81 HPs)
             Began as a Human Artificer on Sept 10, 2019.
             Was an Initiate of Gozag.
             Slain by a vampire (9 damage)
             ... on level 10 of the Dungeon on Sept 11, 2019.
             The game lasted 00:38:23 (15209 turns).

H0rd4k the Cutter (Human Artificer)                Turns: 15209, Time: 00:38:23

Health: -4/81      AC:  8    Str: 15    XL:     11   Next: 9%
Magic:  17/17      EV: 16    Int: 11    God:    Gozag
Gold:   1059       SH:  3    Dex: 21    Spells: 16/19 levels left

rFire    + . .     SeeInvis .   D - +2 dagger (drain)
rCold    + . .     Gourm    .   (no shield)
rNeg     . . .     Faith    .   p - +1 leather armour of Divine Compulsion {rC+ Dex+6}
rPois    .         Spirit   .   n - +1 helmet
rElec    .         Reflect  +   (no cloak)
rCorr    .         Harm     .   (no gloves)
MR       +....                  (no boots)
Stlth    +++.......             y - +3 amulet of reflection
HPRegen  0.23/turn              q - ring of protection from magic
MPRegen  0.15/turn              F - ring of protection from fire

@: about to teleport, berserk cooldown, slowed, very slow
A: slimy green scales 1, agile 1, dopey 1
a: Potion Petition, Call Merchant, Bribe Branch, Renounce Religion


You were on level 10 of the Dungeon.
You worshipped Gozag.
Gozag was most pleased with you.
You were not hungry.

You visited 2 branches of the dungeon, and saw 11 of its levels.

You collected 1267 gold pieces.
You spent 136 gold pieces at shops.
You paid 72 gold pieces to Gozag.

Inventory:

Hand Weapons
 g - a +0 falchion
 D - a +2 dagger of draining (weapon)
 J - a cursed +5 war axe
Missiles
 k - 129 poisoned needles
 w - 6 tomahawks (quivered)
Armour
 n - a +1 helmet (worn)
 p - the +1 leather armour of Divine Compulsion (worn) {rC+ Dex+6}
   (You found it on level 4 of the Dungeon)

   It affects your dexterity (+6).
   It protects you from cold.
Jewellery
 d - an uncursed ring of protection from cold
 e - an uncursed amulet of faith
 q - a ring of protection from magic (left hand)
 y - a +3 amulet of reflection (around neck)
 F - a ring of protection from fire (right hand)
Wands
 s - a wand of polymorph (4)
 H - a wand of flame (5)
Scrolls
 b - a scroll of amnesia
 l - 5 scrolls of identify
 u - 2 scrolls of remove curse
 I - a scroll of fear
Potions
 c - a potion of berserk rage
 j - a potion of lignification
 m - 3 potions of brilliance
 o - a potion of resistance
 r - 2 potions of mutation
 t - a potion of cancellation
 v - a potion of agility
 E - a potion of flight {unknown}
Comestibles
 f - 9 rations


   Skills:
 + Level 5.7 Fighting
 + Level 7.8 Short Blades
 + Level 1.4 Throwing
 + Level 5.1 Armour
 + Level 5.9 Dodging
 + Level 4.9 Stealth
 * Level 4.6 Spellcasting
 + Level 4.0 Charms
 + Level 3.4 Air Magic
 + Level 5.0 Evocations


You had 16 spell levels left.
You knew the following spells:

 Your Spells              Type           Power        Failure   Level  Hunger
a - Infusion              Chrm           ##..         4%          1    None
b - Swiftness             Chrm/Air       ##......     9%          2    ##.....

Your spell library contained the following spells:

 Spells                   Type           Power        Failure   Level  Hunger
 Song of Slaying          Chrm           ##......     8%          2    ##.....
 Shock                    Conj/Air       #...         13%         1    None
 Shroud of Golubria       Chrm/Tloc      #.........   17%         2    ##.....
 Confusing Touch          Hex            #.....       26%         1    None
 Magic Dart               Conj           #...         26%         1    None
 Regeneration             Chrm/Necr      #.........   34%         3    ###....
 Spectral Weapon          Hex/Chrm       #.......     34%         3    ###....
 Static Discharge         Conj/Air       #.......     36%         3    ###....
 Blink                    Tloc           N/A          38%         2    ##.....
 Call Imp                 Summ           #.......     38%         2    ##.....
 Slow                     Hex            #.......     38%         2    ##.....
 Mephitic Cloud           Conj/Pois/Air  #.......     45%         3    ###....
 Airstrike                Air            ##........   54%         4    ####...
 Confuse                  Hex            #.......     63%         3    ###....
 Conjure Flame            Conj/Fire      #.......     63%         3    ###....
 Gell's Gravitas          Tloc           #.........   63%         3    ###....
 Petrify                  Tmut/Erth      #.......     95%         4    ####...
 Iskenderun's Battlesphe  Conj/Chrm      #.......     97%         5    ######.
 Lightning Bolt           Conj/Air       #.........   98%         5    ######.
 Bolt of Magma            Conj/Fire/Erth #.........   100%        5    ######.
 Metabolic Englaciation   Hex/Ice        #.........   100%        5    ######.
 Venom Bolt               Conj/Pois      #.........   100%        5    ######.
 Yara's Violent Unravell  Hex/Tmut       #.........   100%        5    ######.
 Iron Shot                Conj/Erth      #.........   100%        6    #######
 Orb of Destruction       Conj           #.........   100%        7    #######
 Spellforged Servitor     Conj/Summ      #.........   100%        7    #######


Dungeon Overview and Level Annotations

Branches:
Dungeon (10/15)            Temple (1/1) D:5
   Lair: D:8-11         Orc: D:9-12

Altars:
Ashenzari
Cheibriados
Dithmenos
Elyvilon
Fedhas
Gozag
Hepliaklqana
Kikubaaqudgha
Makhleb
Nemelex Xobeh
Okawaru
Qazlal
Ru
Sif Muna
Trog
Uskayaw
Vehumet
Wu Jian
Xom
Yredelemnul
Zin
The Shining One

Shops:
D:7 ?

Annotations:
D:7 exclusion: 2 downstairs
D:9 exclusions: downstairs, upstairs and yak


Innate Abilities, Weirdness & Mutations

You are partially covered in slimy green scales. (AC +2)
You are agile. (Dex +2)
You are dopey. (Int -2)


Message History

Something draws strength from your injuries!
Something hits you! Something bites you!
Something draws strength from your injuries!
Something hits you!
* * * LOW HITPOINT WARNING * * *
Something bites you!
* * * LOW HITPOINT WARNING * * *
Something draws strength from your injuries!
You can move again.
You hit something but do no damage. Something barely misses you.
Something bites you but does no damage.
As you read the scroll of teleportation, it crumbles to dust.
You feel strangely unstable. Something hits you.
* * * LOW HITPOINT WARNING * * *
Something bites you!
* * * LOW HITPOINT WARNING * * *
Something draws strength from your injuries!
Something hits you!
You die...
Your body crumbles into a pile of gold.

#.# ..... #####.##.$..##
### #.....##...... ..
#.....#.$...# #.# #
###..........## ##.##.#
..............####...#.#
#...........).........
#.......##.....#.#
#@.....###..#.##.#
#...$..........(..
#..$...###.##.##.#
#########.##.#####.##..#.#
..........##..............
.....####.###########.##.#
###.............# #.##.#
#..####.#####.# #..... #.#
#.#####..###


There were no monsters in sight!

Vanquished Creatures
  A two-headed ogre (D:10)
  A queen bee (D:8)
  A troll (D:9)
  Prince Ribbit (D:5)
  Sigmund (D:5)
  3 yaks (D:9)
  A hungry ghost (D:9)
  A water moccasin (D:9)
  A black bear (D:7)
  3 orc warriors
  A phantom (D:9)
  An ice beast (D:10)
  5 ogres
  A centaur (D:5)
  2 big kobolds (D:9)
  A bullfrog (D:10)
  8 scorpions
  A water moccasin skeleton (D:8)
  16 killer bees
  2 jellies (D:9)
  5 wights
  3 crimson imps
  2 bullfrog zombies (D:8)
  2 centaur zombies (D:8)
  5 hounds
  An orc priest (D:4)
  A bullfrog skeleton (D:3)
  A centaur skeleton (D:4)
  A gnoll shaman (D:4)
  2 iguanas
  Ijyb (D:5)
  10 orc wizards
  5 worker ants
  A hound skeleton (D:5)
  3 gnolls (D:4)
  7 adders
  3 shadow imps
  An adder skeleton (D:9)
  3 worms (D:3)
  A dart slug (D:1)
  A leopard gecko (D:5)
  26 orcs
  8 giant cockroaches
  3 goblins
  7 hobgoblins
  2 jackals (D:1)
  20 kobolds
  6 quokkas
  2 ball pythons
  9 bats
  4 frilled lizards (D:1)
  9 rats
207 creatures vanquished.

Vanquished Creatures (collateral kills)
  A leopard gecko (D:3)
  3 orcs (D:4)
  A goblin (D:3)
  2 hobgoblins (D:3)
  A quokka (D:3)
8 creatures vanquished.

Vanquished Creatures (others)
  2 orc wizards (D:5)
  An orc (D:4)
3 creatures vanquished.

Grand Total: 218 creatures vanquished

Notes
Turn   | Place    | Note
-------+----------+-------------------------------------------
     0 | D:1      | H0rd4k the Human Artificer began the quest for the Orb.
     0 | D:1      | Reached XP level 1. HP: 15/15 MP: 3/3
    71 | D:1      | Reached XP level 2. HP: 13/21 MP: 4/4
   539 | D:1      | Reached XP level 3. HP: 12/26 MP: 5/5
  1174 | D:2      | Found a bloodstained altar of Trog.
  1404 | D:2      | Reached skill level 1 in Armour
  1445 | D:2      | Reached XP level 4. HP: 32/32 MP: 6/6
  2160 | D:3      | Reached XP level 5. HP: 17/38 MP: 7/7
  2232 | D:3      | Noticed an ogre
  2416 | D:3      | Found an ancient bone altar of Kikubaaqudgha.
  2440 | D:3      | Found a sacrificial altar of Ru.
  2934 | D:2      | Reached skill level 2 in Short Blades
  3467 | D:4      | Got a shimmering leather armour
  3528 | D:4      | Reached XP level 6. HP: 19/44 MP: 8/8
  3539 | D:4      | Identified the +1 leather armour of Divine Compulsion {rC+
                  | Dex+6} (You found it on level 4 of the Dungeon)
  3765 | D:4      | Found a shattered altar of Ashenzari.
  3810 | D:4      | Found a hide-covered altar of Uskayaw.
  4286 | D:5      | Entered Level 5 of the Dungeon
  4286 | D:5      | Noticed Prince Ribbit
  5094 | D:3      | an ogre changed into a scorpion
  5245 | D:4      | Found a snail-covered altar of Cheibriados.
  5515 | D:3      | Reached skill level 3 in Short Blades
  5832 | D:3      | Reached XP level 7. HP: 37/51 MP: 10/10
  6365 | D:5      | Noticed Sigmund
  6933 | D:6      | Reached skill level 4 in Short Blades
  7571 | D:5      | Noticed Ijyb
  7594 | D:5      | Found a glowing golden altar of the Shining One.
  7643 | D:5      | Killed Sigmund
  7643 | D:5      | Reached XP level 8. HP: 58/58 MP: 11/11
  7784 | D:5      | Killed Ijyb
  7933 | D:5      | Found a staircase to the Ecumenical Temple.
  7945 | Temple   | Entered the Ecumenical Temple
  8029 | Temple   | Became a worshipper of Gozag Ym Sagoz the Greedy
  8533 | D:5      | Killed Prince Ribbit
  8533 | D:5      | Reached skill level 5 in Short Blades
  8632 | D:7      | Learned a level 1 spell: Infusion
  8635 | D:7      | Learned a level 2 spell: Swiftness
  8733 | D:7      | Found a shadowy altar of Dithmenos.
  8928 | D:7      | Found a glowing silver altar of Zin.
  8941 | D:7      | Found Caann's Magic Scroll Shop.
  8955 | D:7      | Bought a scroll of blinking for 97 gold pieces
  8955 | D:7      | Bought a scroll of teleportation for 39 gold pieces
  9343 | D:7      | Reached skill level 1 in Charms
  9495 | D:9      | Reached skill level 1 in Spellcasting
  9495 | D:9      | Reached skill level 1 in Air Magic
  9495 | D:9      | Reached XP level 9. HP: 53/65 MP: 12/12
  9863 | D:9      | Noticed a troll
 10331 | D:9      | Reached skill level 1 in Throwing
 10477 | D:9      | Reached skill level 6 in Short Blades
 10479 | D:9      | Killed a troll
 10487 | D:9      | Reached XP level 10. HP: 60/73 MP: 12/14
 10667 | D:9      | Reached skill level 5 in Fighting
 12140 | D:8      | Reached skill level 7 in Short Blades
 12895 | D:8      | Reached skill level 5 in Dodging
 13417 | D:8      | Gained mutation: You are dopey. (Int -2) [potion of
                  | mutation]
 13417 | D:8      | Gained mutation: You are agile. (Dex +2) [potion of
                  | mutation]
 13417 | D:8      | Gained mutation: You are partially covered in slimy green
                  | scales. (AC +2) [potion of mutation]
 14164 | D:8      | Reached skill level 5 in Armour
 14437 | D:10     | Entered Level 10 of the Dungeon
 14977 | D:10     | Noticed a two-headed ogre
 14979 | D:10     | Killed a two-headed ogre
 14979 | D:10     | Reached skill level 5 in Evocations
 14979 | D:10     | Reached XP level 11. HP: 81/81 MP: 17/17
 15209 | D:10     | Slain by a vampire

Skill      XL: |  1  2  3  4  5  6  7  8  9 10 |
---------------+-------------------------------+-----
Armour         | 1 2 3 4 5 |  5.1
Short Blades   | 2 3 4 5 6 7 |  7.8
Stealth        | 2 3 4 |  4.9
Fighting       | 2 3 4 5 |  5.7
Evocations     | 4 5 |  5.0
Dodging        | 3 4 5 |  5.9
Charms         | 1 3 4 |  4.0
Spellcasting   | 1 2 4 |  4.6
Air Magic      | 1 2 3 |  3.4
Throwing       | 1 |  1.4

Action                   |  1- 3 |  4- 6 |  7- 9 | 10-12 || total
-------------------------+-------+-------+-------+-------++-------
Melee: Short sword       |   135 |   223 |    47 |       ||   405
       Spear             |       |       |    11 |       ||    11
       Dagger            |       |       |   337 |   572 ||   909
       Falchion          |       |       |     4 |    14 ||    18
Throw: Tomahawk          |       |       |     6 |     4 ||    10
 Cast: Infusion          |       |       |       |     6 ||     6
Evoke: Wand              |     2 |    46 |    13 |    17 ||    78
  Use: Potion            |       |     2 |     1 |    10 ||    13
       Scroll            |       |       |    13 |     9 ||    22
 Stab: Sleeping          |     2 |     2 |     1 |     2 ||     7
       Paralysed         |       |       |     2 |       ||     2
  Eat: Chunk             |     2 |     3 |     4 |       ||     9
       Ration            |       |     3 |     4 |     5 ||    12
Armor: Leather armour    |    44 |    41 |    49 |    97 ||   231
       Skin              |       |       |       |     9 ||     9
Dodge: Dodged            |   115 |   142 |   175 |   357 ||   789
Block: Other             |       |     3 |    30 |    58 ||    91
       Reflection        |       |       |     1 |       ||     1
       Rpst.: Falchion   |       |       |       |     2 ||     2
